 Dungeon Sprint DCSS version 0.27-a0-249-g74f53ef629 (webtiles) character file.

Game seed: 17708287882300672144

23 sahdkjhfkaj the Covert (level 2, -2/17 HPs)
             Began as a Vampire Brigand on Feb 3, 2021.
             Was a Believer of Dithmenos.
             Slain by a river rat (9 damage)
             ... in the Dungeon (Sprint VII: "The Pits").
             The game lasted 00:00:46 (111 turns).

sahdkjhfkaj the Covert (Vampire Brigand)             Turns: 111, Time: 00:00:47

Health: -2/17      AC:  3    Str: 10    XL:     2   Next: 75%
Magic:  2/2        EV: 12    Int: 13    God:    Dithmenos [**....]
Gold:   0          SH:  0    Dex: 15    Spells: 1/1 levels left

rFire    . . .     SeeInvis +   a - +2 dagger
rCold    + + .     Faith    .   (no shield)
rNeg     + + +     Spirit   .   b - +0 robe
rPois    ∞         Reflect  .   (no helmet)
rElec    .         Harm     .   c - +0 cloak
rCorr    .         Rampage  .   (no gloves)
Will     .....     NoTele   +   (no boots)
Stlth    ++++++++..             (no amulet)
HPRegen  0.00/turn              (no ring)
MPRegen  0.08/turn              (no ring)

@: bloodless, wreathed by umbra
A: fangs 3, see invisible, unbreathing
a: Revivify, Renounce Religion, Shadow Step


You were in the Dungeon.
You worshipped Dithmenos.
Dithmenos was pleased with you.
You visited 1 branch

Inventory:

Hand Weapons
 a - a +2 dagger (weapon)
Missiles
 d - 8 poisoned darts (quivered)
 e - 2 curare-tipped darts
Armour
 b - a +0 robe (worn)
 c - a +0 cloak (worn)
Scrolls
 k - a scroll of blinking
 m - 3 scrolls of remove curse
 n - 5 scrolls of amnesia
 o - a scroll of summoning {!r}
Potions
 f - a potion of curing
 g - a potion of heal wounds
 h - a potion of haste
 i - 4 potions of magic
 j - 3 potions of berserk rage
 l - 2 potions of invisibility


   Skills:
 - Level 1.7 Fighting
 - Level 2.1 Short Blades
 - Level 1.5 Throwing
 - Level 1.1 Dodging
 + Level 10.5 Stealth


You had one spell level left.
You didn't know any spells.
Your spell library was empty.

Dungeon Overview and Level Annotations

Branches:
Dungeon (1/1)

Altars:
Ashenzari
Cheibriados
Dithmenos
Elyvilon
Fedhas
Gozag
Hepliaklqana
Kikubaaqudgha
Makhleb
Nemelex Xobeh
Okawaru
Qazlal
Ru
Sif Muna
Trog
Uskayaw
Vehumet
Wu Jian
Xom
Yredelemnul
Zin
The Shining One
Beogh
Jiyva
Lugonu


Innate Abilities, Weirdness & Mutations

You do not regenerate when monsters are visible.
You are frail without blood (-20% HP).
You can heal yourself when you bite living creatures.
You are immune to poison.
You have razor-sharp teeth.
You have supernaturally acute eyesight. (SInv)
You can survive without breathing.


Message History

Dithmenos accepts your kill.
You hit the river rat but do no damage.
You bite the river rat, but do no damage.
The river rat bites you but does no damage.
You hit the river rat.
The river rat is lightly wounded.
The river rat misses you.
You hit the river rat.
The river rat is moderately wounded.
The river rat closely misses you.
You hit the river rat.
The river rat is moderately wounded.
You barely miss the river rat.
The river rat is moderately wounded.
The river rat closely misses you.
You hit the river rat. Your bite misses the river rat.
The river rat is severely wounded.
The river rat bites you!
Ouch! That really hurt!
You die...

############
#_________.#
#_________.#
#_______...###########
##########'##.........
#.?(.')))'.##......#..
##########.##.........
#....@r...†.'.........
#+#####'#####......#..
#..(..# #.........
#.†rh.# ####'#####
###'### #.......#
#.....# #.......#
#.....# #.......#
####'## #...<...#
#S......r##.......#


You could see a river rat.

Vanquished Creatures
  An adder (D)
  An ufetubus (D)
  A hobgoblin (D)
  4 jackals (D)
  A quokka (D)
  A kobold (D)
9 creatures vanquished.

Notes
Turn   | Place    | Note
-------+----------+-------------------------------------------
     0 | D        | sahdkjhfkaj the Vampire Brigand began the quest for the
                  | Orb.
     0 | D        | Reached XP level 1. HP: 16/16 MP: 1/1
    18 | D        | Reached skill level 8 in Stealth
    18 | D        | Reached XP level 2. HP: 17/17 MP: 2/2
    21 | D        | Found a bloodstained altar of Trog.
    21 | D        | Found a shimmering blue altar of Sif Muna.
    21 | D        | Found a viscous altar of Jiyva.
    21 | D        | Found a hazy altar of Hepliaklqana.
    21 | D        | Found an opulent altar of Gozag.
    22 | D        | Found a glowing golden altar of the Shining One.
    22 | D        | Found a glowing silver altar of Zin.
    22 | D        | Found a basalt altar of Yredelemnul.
    22 | D        | Found a shimmering altar of Xom.
    22 | D        | Found an ornate altar of the Wu Jian Council.
    22 | D        | Found a sacrificial altar of Ru.
    22 | D        | Found a stormy altar of Qazlal.
    22 | D        | Found an iron altar of Okawaru.
    22 | D        | Found a sparkling altar of Nemelex Xobeh.
    22 | D        | Found a burning altar of Makhleb.
    22 | D        | Found a blossoming altar of Fedhas.
    22 | D        | Found a white marble altar of Elyvilon.
    22 | D        | Found a shadowy altar of Dithmenos.
    22 | D        | Found a snail-covered altar of Cheibriados.
    23 | D        | Found a radiant altar of Vehumet.
    23 | D        | Found a corrupted altar of Lugonu.
    23 | D        | Found a roughly hewn altar of Beogh.
    24 | D        | Found an ancient bone altar of Kikubaaqudgha.
    24 | D        | Found a hide-covered altar of Uskayaw.
    24 | D        | Found a broken altar of Ashenzari.
    29 | D        | Became a worshipper of Dithmenos the Shadowed
    65 | D        | Reached skill level 9 in Stealth
    69 | D        | Reached * piety under Dithmenos
    89 | D        | Reached skill level 10 in Stealth
    94 | D        | Reached ** piety under Dithmenos
   111 | D        | Slain by a river rat

Illustrated notes

Levels and vault maps discovered:
D:        pitsprint [storerooms_1, entrance_room_1, metal_vault_6, armoury_1,
          mini_pit_1, grid_room_1, main_hall_1, silver_pit, the_coven_3,
          the_vestibule_1, steel_vault_5, golden_pit, hallway_of_sentries,
          crystal_vault_4, iron_vault_1, final_vault]

Skill      XL: |  1  2 |
---------------+-------+-----
Stealth        | 8 10 | 10.5
Fighting       | |  1.7
Short Blades   | |  2.1
Throwing       | |  1.5
Dodging        | |  1.1

Action                   || total
-------------------------++-------
Melee: Dagger            ||    29
       Bite              ||     2
 Abil: Exsanguinate      ||     1
 Stab: Sleeping          ||     5
Armor: Robe              ||     9
Dodge: Dodged            ||    35

Table legend: (Time is in decaauts)
 A = Elapsed time spent in this place.
 B = Non-inter-level travel time spent in this place.
 C = Inter-level travel time spent in this place.
 D = Time resting spent in this place.
 E = Time spent auto-exploring this place.
 F = Levels seen in this place.
 G = Mean time per level.
                   A        B        C        D        E       F      G
               +--------+--------+--------+--------+--------+-----+--------+
         Total |    108 |    108 |      0 |      0 |      0 |   1 |  108.0 |
       Dungeon |    108 |    108 |      0 |      0 |      0 |   1 |  108.0 |
               +--------+--------+--------+--------+--------+-----+--------+

Top non-repeatable levels by time:
       D: 108 daAuts
